 Dungeon Crawl Stone Soup version 0.30-a0-313-gae38170b09 (webtiles) character file.

Game seed: 57105711279256677

146 bande the Conjurer (level 5, -3/37 HPs)
             Began as a Gnoll Wanderer on Oct 26, 2022.
             Slain by an orc priest
             ... wielding a +0 whip
              (6 damage)
             ... on level 3 of the Dungeon.
             The game lasted 00:04:22 (2177 turns).

bande the Conjurer (Gnoll Wanderer)                 Turns: 2177, Time: 00:04:23

Health: -3/37      AC:  9    Str:  9    XL:     5   Next: 28%
Magic:  9/9        EV: 15    Int: 16    God:
Gold:   43         SH:  0    Dex: 11    Spells: 9/10 levels left

rFire   + . .      SeeInvis .    n - +0 war axe
rCold   . . .      Faith    .    (no shield)
rNeg    . . .      Spirit   .    i - +3 ring mail
rPois   .          Reflect  .    (no helmet)
rElec   .          Harm     .    (no cloak)
rCorr   .          Rampage  .    (no gloves)
Will    .....                    d - +0 pair of boots
Stlth   +.........               (no amulet)
HPRegen 0.26/turn                c - +4 ring of evasion
MPRegen 0.11/turn                l - ring of protection from fire

@: no status effects
A: fangs 1, strong nose, distributed training
a: no special abilities


You were on level 3 of the Dungeon.
You visited 1 branch of the dungeon, and saw 3 of its levels.

You collected 43 gold pieces.

Inventory:

Hand Weapons
 n - a +0 war axe (weapon)
Armour
 d - a +0 pair of boots (worn)
 i - a +3 ring mail (worn)
Jewellery
 c - a +4 ring of evasion (left hand)
 l - a ring of protection from fire (right hand)
Scrolls
 b - a scroll of fog
 k - a scroll of blinking
Potions
 e - a potion of brilliance {unknown}
 f - 2 potions of curing
 g - 2 potions of attraction {unknown}
 h - a potion of mutation {unknown}
 j - a potion of magic {unknown}
 m - a potion of ambrosia {unknown}


   Skills:
 + Level 1.5 Fighting
 + Level 1.5 Short Blades
 + Level 1.5 Long Blades
 + Level 1.5 Axes
 + Level 1.5 Maces & Flails
 + Level 1.5 Polearms
 + Level 1.5 Staves
 + Level 1.5 Ranged Weapons
 + Level 1.5 Throwing
 + Level 1.5 Armour
 + Level 4.8 Dodging
 + Level 2.8 Stealth
 + Level 1.5 Shields
 + Level 1.5 Unarmed Combat
 + Level 3.2 Spellcasting
 + Level 7.2 Conjurations
 + Level 1.2 Hexes
 + Level 1.2 Summonings
 + Level 1.2 Necromancy
 + Level 4.0 Translocations
 + Level 1.2 Transmutations
 + Level 1.2 Fire Magic
 + Level 1.2 Ice Magic
 + Level 1.2 Air Magic
 + Level 1.2 Earth Magic
 + Level 1.2 Poison Magic
 + Level 1.7 Invocations
 + Level 1.5 Evocations


You had 9 spell levels left.
You knew the following spells:

 Your Spells              Type           Power      Damage    Failure   Level
a - Shock                 Conj/Air       64%        1d7       9%          1

Your spell library contained the following spells:

 Spells                   Type           Power      Damage    Failure   Level
 Apportation              Tloc           30%        N/A       10%         1
 Kindle Blastsparks       Fire/Tloc/Air  18%        2d11      52%         3
 Flame Wave               Conj/Fire      16%        2d7       65%         4
 Fulminant Prism          Conj/Hex       8%         3d7       65%         4


Dungeon Overview and Level Annotations

Branches:
Dungeon (3/15)

Altars:
Vehumet

Shops:
D:1 (


Innate Abilities, Weirdness & Mutations

You have very sharp teeth.
Your uncanny sense of smell can sniff out nearby items.
Your experience applies equally to all skills.


Message History

The orc priest is severely wounded.
The orc priest hits you but does no damage.
You barely miss the orc priest.
The orc priest is severely wounded.
The orc priest hits you with a +0 hand axe.
The orc priest invokes the aid of Beogh against you.
Pain shoots through your body!
You barely miss the orc priest.
You bite the orc priest, but do no damage.
The orc priest is severely wounded.
The orc priest hits you with a +0 hand axe.
You slash the orc priest!
You kill the orc priest!
Your Translocations skill increases to level 4!
You see here a +0 hand axe.
You see here a +0 hand axe.
There is a stone staircase leading up here.
You climb upwards.
There is a stone staircase leading down, spattered with blood here.
You start resting.
HP restored.
You climb downwards.
There is a stone staircase leading up here.
You see here a +0 hand axe.
The orc priest shouts!
The orc priest mumbles some strange prayers to Beogh against you.
Pain shoots through your body!
The orc priest mumbles some strange prayers to Beogh against you.
Beogh smites you!
The orc priest mumbles some strange prayers to Beogh against you.
Beogh smites you!
The orc priest hits you but does no damage.
You barely miss the orc priest. Your bite misses the orc priest.
The orc priest mumbles some strange prayers to Beogh against you.
Beogh smites you!
* * * LOW HITPOINT WARNING * * *
You hit the orc priest.
The orc priest is moderately wounded.
The orc priest hits you with a +0 whip.
You die...

##* *,* ***** #.* *,*
,,,,*######.#### *∆*
,**,,..........# *,*
,,,,,.....#.##.### *,*
,*******#........# *,*##******
,* ##..<###.## *,..,,,,,,* ,*
#....# #..####.####***,* ,*
#.##)###@o.........,,,,* ,*
#.*#.....##.##....,,,*,* ,*
#,*###.####.#*,**#**,*,*
,********,* #....o.#*,*****,*,*
,,,,,,,,,,* ######o#*,,,,,,,,,*
,***,****,* #.#*******,*,*
,**,,,***,*########†# **,*,*
,*,,,,,**,,........o# *∆,*,*
,,,,,,,,,,*########o#######.,*,*


You could see an orc priest.

Vanquished Creatures
  2 orc priests
  5 adders (D:2)
  2 dart slugs
  2 orcs (D:2)
  3 ball pythons
  6 bats
  2 endoplasms (D:2)
  2 giant cockroaches
  4 goblins
  2 hobgoblins
  2 quokkas
  7 rats
39 creatures vanquished.

Notes
Turn   | Place    | Note
-------+----------+-------------------------------------------
     0 | D:1      | bande the Gnoll Wanderer began the quest for the Orb.
     0 | D:1      | bande set off with the following items: a +0 club, a scroll
                  | of fog, a +0 robe, a +0 pair of boots; and the following
                  | spells available to memorise: Apportation, Shock, Kindle
                  | Blastsparks, Flame Wave, Fulminant Prism.
     0 | D:1      | Reached XP level 1. HP: 13/13 MP: 4/4
     2 | D:1      | Learned a level 1 spell: Shock
   139 | D:1      | Reached XP level 2. HP: 17/19 MP: 5/5
   361 | D:1      | Found Nioxoni's Weapon Boutique.
   673 | D:2      | Reached XP level 3. HP: 25/25 MP: 7/7
   731 | D:2      | Reached skill level 1 in Invocations
   913 | D:2      | Reached skill level 1 in Fighting
   913 | D:2      | Reached skill level 1 in Short Blades
   913 | D:2      | Reached skill level 1 in Long Blades
   913 | D:2      | Reached skill level 1 in Axes
   913 | D:2      | Reached skill level 1 in Maces & Flails
   913 | D:2      | Reached skill level 1 in Polearms
   913 | D:2      | Reached skill level 1 in Staves
   913 | D:2      | Reached skill level 1 in Ranged Weapons
   913 | D:2      | Reached skill level 1 in Throwing
   913 | D:2      | Reached skill level 1 in Armour
   913 | D:2      | Reached skill level 1 in Shields
   913 | D:2      | Reached skill level 1 in Unarmed Combat
   913 | D:2      | Reached skill level 1 in Evocations
  1013 | D:2      | Reached XP level 4. HP: 31/32 MP: 8/8
  1078 | D:2      | Found a radiant altar of Vehumet.
  1414 | D:2      | Reached skill level 1 in Hexes
  1414 | D:2      | Reached skill level 1 in Summonings
  1414 | D:2      | Reached skill level 1 in Necromancy
  1414 | D:2      | Reached skill level 1 in Transmutations
  1414 | D:2      | Reached skill level 1 in Fire Magic
  1414 | D:2      | Reached skill level 1 in Ice Magic
  1414 | D:2      | Reached skill level 1 in Air Magic
  1414 | D:2      | Reached skill level 1 in Earth Magic
  1414 | D:2      | Reached skill level 1 in Poison Magic
  1889 | D:2      | Reached XP level 5. HP: 21/37 MP: 9/9
  2177 | D:3      | Slain by an orc priest

Illustrated notes

Levels and vault maps discovered:
D:1:      tarquinn_simple_flora_water_f, layout_basic, serial_shops, shop
D:2:      layout_loops_ring, basic_altar
D:3:      layout_loops_ring, uniq_crazy_yiuf_cottage, uniq_grinder

Skill      XL: |  1  2  3  4  5 |
---------------+----------------+-----
Invocations    | 1 |  1.7
Fighting       | 1 |  1.5
Short Blades   | 1 |  1.5
Long Blades    | 1 |  1.5
Axes           | 1 |  1.5
Maces & Flails | 1 |  1.5
Polearms       | 1 |  1.5
Staves         | 1 |  1.5
Ranged Weapons | 1 |  1.5
Throwing       | 1 |  1.5
Armour         | 1 |  1.5
Shields        | 1 |  1.5
Unarmed Combat | 1 |  1.5
Evocations     | 1 |  1.5
Spellcasting   | 3 |  3.2
Hexes          | 1 |  1.2
Summonings     | 1 |  1.2
Necromancy     | 1 |  1.2
Transmutations | 1 |  1.2
Fire Magic     | 1 |  1.2
Ice Magic      | 1 |  1.2
Air Magic      | 1 |  1.2
Earth Magic    | 1 |  1.2
Poison Magic   | 1 |  1.2
Translocations | 4 |  4.0
Dodging        | |  4.8
Stealth        | |  2.8
Conjurations   | |  7.2

Action                   |  1- 3 |  4- 6 || total
-------------------------+-------+-------++-------
Melee: Club              |   178 |    62 ||   240
       Bite              |    13 |     7 ||    20
       War axe           |       |    11 ||    11
 Cast: Shock             |       |     8 ||     8
  Use: Scroll            |     3 |     1 ||     4
       Potion            |       |     1 ||     1
 Stab: Sleeping          |     3 |       ||     3
Armor: Robe              |     6 |       ||     6
       Scale mail        |     5 |       ||     5
       Ring mail         |    62 |    38 ||   100
Dodge: Dodged            |   161 |    70 ||   231

Table legend: (Time is in decaauts)
 A = Elapsed time spent in this place.
 B = Non-inter-level travel time spent in this place.
 C = Inter-level travel time spent in this place.
 D = Time resting spent in this place.
 E = Time spent auto-exploring this place.
 F = Levels seen in this place.
 G = Mean time per level.
                   A        B        C        D        E       F      G
               +--------+--------+--------+--------+--------+-----+--------+
         Total |   2247 |   2216 |     31 |    468 |   1140 |   3 |  749.0 |
       Dungeon |   2247 |   2216 |     31 |    468 |   1140 |   3 |  749.0 |
               +--------+--------+--------+--------+--------+-----+--------+

Top non-repeatable levels by time:
     D:2: 1537 daAuts
     D:1: 552 daAuts
     D:3: 157 daAuts
